 Dungeon Crawl Stone Soup version 0.24-a0-537-g2d01d4ab0a (webtiles) character file.

Game seed: 7819711100042707885

3766 Arang the Grappler (level 9, -7/72 HPs)
             Began as a Troll Venom Mage on Aug 11, 2019.
             Was a Priest of Hepliaklqana.
             Mangled by an orc warrior
             ... wielding a +0 war axe
              (15 damage)
             ... while paralysed by an orc sorcerer
             ... in a bailey.
             The game lasted 00:22:44 (7122 turns).

Arang the Grappler (Troll Venom Mage)               Turns: 7122, Time: 00:22:44

Health: -7/72      AC: -5    Str: 18    XL:     9   Next: 94%
Magic:  2/14       EV:  1    Int: 14    God:    Hepliaklqana [***...]
Gold:   620        SH:  0    Dex: 10    Spells: 6/16 levels left

rFire    . . .     SeeInvis .     - Unarmed
rCold    . . .     Gourm    +   (no shield)
rNeg     . . .     Faith    .   a - +0 robe
rPois    .         Spirit   .   h - +1 hat
rElec    .         Reflect  .   k - +0 cloak
rCorr    .         Harm     .   (gloves unavailable)
MR       .....                  (boots unavailable)
Stlth    +.........             D - amulet of regeneration
HPRegen  1.02/turn              v - +2 ring of evasion
MPRegen  0.14/turn              r - +3 ring of protection

@: paralysed, corroded, very slightly contaminated
A: large, unfitting armour, reduced essence, claws 3, fast metabolism 3,
gourmand, regeneration 1, shaggy fur 1, tough skin 3
a: Recall Ancestor, Ancestor Identity, Transference, Renounce Religion


You were in a bailey.
You worshipped Hepliaklqana.
Hepliaklqana was most pleased with you.
You were not hungry.

You visited 1 branch of the dungeon, and saw 8 of its levels.
You also visited: Ossuary and Bailey.

You collected 620 gold pieces.

Inventory:

Hand Weapons
 J - a cursed -1 trident
 L - a +1 hand axe of draining
Missiles
 d - 36 poisoned darts (quivered)
 u - 2 boomerangs of dispersal
 B - 5 javelins
Armour
 a - a +0 robe (worn)
 h - a +1 hat (worn)
 k - a +0 cloak (worn)
Jewellery
 r - a +3 ring of protection (right claw)
 v - a +2 ring of evasion (left claw)
 y - an uncursed amulet of the acrobat
 D - an amulet of regeneration (around neck)
 F - an uncursed amulet of harm
 G - an uncursed ring of ice {unknown}
 K - an uncursed ring of wizardry {unknown}
Wands
 t - a wand of enslavement (14)
 H - a wand of flame (16)
Scrolls
 b - 3 scrolls of fear
 i - 3 scrolls of enchant armour {unknown}
 l - 4 scrolls of noise {unknown}
 w - 3 scrolls of enchant weapon {unknown}
 A - a scroll of vulnerability {unknown}
 C - 2 scrolls of blinking
 E - a scroll of teleportation
 I - 2 scrolls of remove curse {unknown}
Potions
 e - a potion of ambrosia
 f - 2 potions of cancellation
 g - 3 potions of invisibility
 j - 3 potions of brilliance
 m - 3 potions of resistance
 n - 5 potions of curing
 o - 2 potions of agility
 p - 5 potions of heal wounds
 q - 2 potions of might
 s - a potion of lignification {unknown}
 x - a potion of berserk rage {unknown}
 z - a potion of mutation {unknown}
Comestibles
 c - 14 rations
 M - 11 chunks of flesh


   Skills:
 - Level 2.7 Fighting
 - Level 1.5 Dodging
 - Level 1.0 Stealth
 - Level 9.3 Unarmed Combat
 - Level 4.0 Spellcasting
 - Level 1.4 Conjurations
 - Level 2.6 Air Magic
 + Level 5.6 Poison Magic


You had 6 spell levels left.
You knew the following spells:

 Your Spells              Type           Power        Failure   Level  Hunger
a - Sting                 Conj/Pois      ##..         4%          1    None
b - Poisonous Vapours     Pois/Air       ##....       5%          2    ##.....
c - Apportation           Tloc           #.....       19%         1    None
d - Olgreb's Toxic Radia  Pois           ###.....     19%         4    ####...
e - Blink                 Tloc           N/A          28%         2    ##.....

Your spell library contained the following spells:

 Spells                   Type           Power        Failure   Level  Hunger
 Magic Dart               Conj           #...         11%         1    None
 Flame Tongue             Conj/Fire      #....        14%         1    None
 Mephitic Cloud           Conj/Pois/Air  ##......     16%         3    ###....
 Animate Skeleton         Necr           N/A          19%         1    None
 Beastly Appendage        Tmut           #.....       19%         1    None
 Confusing Touch          Hex            #.....       19%         1    None
 Summon Small Mammal      Summ           #...         19%         1    None
 Spider Form              Tmut/Pois      ##........   19%         3    ###....
 Throw Flame              Conj/Fire      #.....       22%         2    ##.....
 Call Imp                 Summ           #.......     28%         2    ##.....
 Slow                     Hex            #.......     28%         2    ##.....
 Sticks to Snakes         Tmut           #.......     28%         2    ##.....
 Conjure Flame            Conj/Fire      #.......     41%         3    ###....
 Call Canine Familiar     Summ           #.......     50%         3    ###....
 Inner Flame              Hex/Fire       #.......     50%         3    ###....
 Summon Guardian Golem    Hex/Summ       #.......     50%         3    ###....
 Summon Lightning Spire   Summ/Air       #.......     75%         4    ####...
 Venom Bolt               Conj/Pois      ##........   77%         5    ######.
 Sticky Flame             Conj/Fire      #.......     82%         4    ####...
 Ice Form                 Ice/Tmut       #.......     88%         4    ####...
 Summon Ice Beast         Ice/Summ       #.......     88%         4    ####...
 Blade Hands              Tmut           #.........   99%         5    ######.
 Fireball                 Conj/Fire      #.........   99%         5    ######.


Dungeon Overview and Level Annotations

Branches:
Dungeon (8/15)             Temple (0/1) D:5
   Lair: D:8-11

Altars:
Hepliaklqana
Makhleb
Nemelex Xobeh
Xom
Yredelemnul

Shops:
D:4 %

Annotations:
D:5 1 exclusion
D:6 1 runed translucent door, Crazy Yiuf


Innate Abilities, Weirdness & Mutations

You are too large for most types of armour.
You have claws for hands.
Your metabolism is lightning-fast.
You like to eat raw meat.
Your natural rate of healing is unusually fast.
You are covered in fur. (AC +1)
You have extremely tough skin. (AC +3)
Your life essence is reduced to manifest your ancestor. (-10% HP)


Message History

The rust devil corrodes you!
The orc warrior hits you with a +0 war axe.
The orc sorcerer wildly gestures.
The orc sorcerer glows brightly for a moment.
The orc sorcerer gestures wildly while chanting.
The rust devil hits you. The rust devil corrodes you!
The orc warrior hits you with a +0 war axe!
The orc sorcerer hits you with a +0 broad axe!
The rust devil hits you. The rust devil corrodes you!
The orc warrior hits you with a +0 war axe.
The rust devil hits you!
* * * LOW HITPOINT WARNING * * *
The rust devil corrodes you!
The orc sorcerer wildly gestures.
The orc sorcerer shimmers violently.
The orc sorcerer hits you with a +0 broad axe!
* * * LOW HITPOINT WARNING * * *
The orc warrior looks more healthy.
The orc warrior hits you with a +0 war axe!
You die...

#...))......#
#####'''#####
#..'.....+
#..'.....+
####..#..⌠..#
#.....#.....#
#.8...#.....#
#...R.#######
#.8@###
#.o4o......
#.84.)..)..
+........_.
##+#.......
####### )..
)..#


You could see the friendly Cynebald the hexer, an ice devil, a rust devil, an
orc sorcerer and an orc warrior.

Vanquished Creatures
  An orc sorcerer (Bailey)
  Prince Ribbit (D:7)
  A black bear (D:7)
  3 sky beasts
  2 ice beasts (D:7)
  3 ogres
  A centaur (D:7)
  Blork the orc (D:6)
  2 bullfrogs
  A scorpion (D:7)
  4 killer bees (D:8)
  An electric eel (Bailey)
  A crimson imp (D:5)
  3 howler monkeys
  8 hounds
  3 orc wizards (D:5)
  An orc priest (D:5)
  2 jellies
  Ijyb (D:3)
  A centaur skeleton (D:7)
  5 worker ants
  A hound zombie (D:8)
  A hound skeleton (D:4)
  6 mummies (Ossuary)
  A howler monkey skeleton (D:8)
  8 adders
  3 shadow imps
  3 oozes
  A worm (D:3)
  2 dart slugs
  4 leopard geckos
  15 orcs
  A ball python (D:1)
  6 giant cockroaches
  2 gnoll zombies (Ossuary)
  10 goblins
  11 hobgoblins
  9 jackals
  5 quokkas
  10 bats
  10 frilled lizards
  2 hobgoblin zombies (Ossuary)
  A jackal zombie (D:5)
  7 kobolds
  A kobold zombie (Ossuary)
  A leopard gecko skeleton (D:4)
  An orc zombie (Ossuary)
  A quokka zombie (D:5)
  6 rats
  A spectral orc (D:5)
176 creatures vanquished.

Vanquished Creatures (collateral kills)
  Joseph (D:7)
  A sky beast (D:6)
  An ogre (D:5)
  A centaur (D:7)
  An electric eel (Bailey)
  A hound (D:5)
  An orc priest (D:6)
  A worker ant (D:6)
  2 mummies (Ossuary)
  An adder (D:3)
  A leopard gecko (D:3)
  An orc (D:6)
  A ball python (D:5)
  2 jackals
  2 bats (D:3)
  A kobold (D:3)
  2 kobold zombies (Ossuary)
21 creatures vanquished.

Vanquished Creatures (others)
  3 hexers
  An ancestor (D:4)
4 creatures vanquished.

Grand Total: 201 creatures vanquished

Notes
Turn   | Place    | Note
-------+----------+-------------------------------------------
     0 | D:1      | Arang the Troll Venom Mage began the quest for the Orb.
     0 | D:1      | Reached XP level 1. HP: 16/16 MP: 1/1
   153 | D:1      | Reached XP level 2. HP: 20/24 MP: 2/2
   367 | D:1      | Learned a level 2 spell: Poisonous Vapours
   520 | D:1      | Reached XP level 3. HP: 31/31 MP: 4/4
   683 | D:1      | Reached skill level 1 in Conjurations
   862 | D:2      | Found a shimmering altar of Xom.
   862 | D:2      | Found a shimmering altar of Xom.
   869 | D:2      | Found a shimmering altar of Xom.
   869 | D:2      | Found a shimmering altar of Xom.
   894 | D:2      | Found a shimmering altar of Xom.
   894 | D:2      | Found a shimmering altar of Xom.
   937 | D:2      | Reached skill level 1 in Unarmed Combat
  1044 | D:2      | Reached XP level 4. HP: 35/39 MP: 5/5
  1103 | D:2      | Found a shimmering altar of Xom.
  1268 | D:2      | Found a sparkling altar of Nemelex Xobeh.
  1564 | D:3      | Found a hazy altar of Hepliaklqana.
  1586 | D:3      | Became a worshipper of Hepliaklqana the Forgotten
  1765 | D:3      | Reached skill level 2 in Unarmed Combat
  1773 | D:3      | Found a faded altar of an unknown god.
  1883 | D:3      | Reached * piety under Hepliaklqana
  1895 | D:3      | Noticed Ijyb
  1918 | D:3      | Killed Ijyb
  1918 | D:3      | Reached XP level 5. HP: 40/40 MP: 6/6
  2310 | D:4      | Reached skill level 3 in Unarmed Combat
  2383 | D:4      | Noticed an ogre
  2400 | D:4      | Killed an ogre
  2400 | D:4      | Reached skill level 1 in Air Magic
  2529 | D:4      | Reached XP level 6. HP: 39/48 MP: 7/7
  2543 | D:4      | Found a sand-covered staircase.
  2600 | Ossuary  | Entered an ossuary
  2640 | Ossuary  | Reached skill level 4 in Unarmed Combat
  2994 | D:4      | Reached XP level 7. HP: 54/54 MP: 9/9
  3168 | D:4      | Found Rouzos's Food Shoppe.
  3376 | D:5      | Entered Level 5 of the Dungeon
  3404 | D:5      | Reached skill level 1 in Fighting
  3404 | D:5      | Reached skill level 5 in Unarmed Combat
  3537 | D:5      | Reached ** piety under Hepliaklqana
  3538 | D:5      | Remembered your ancestor Cynebald as a hexer
  3551 | D:5      | Found a basalt altar of Yredelemnul.
  3631 | D:5      | Found a burning altar of Makhleb.
  3791 | D:5      | Found a staircase to the Ecumenical Temple.
  4377 | D:5      | Reached skill level 6 in Unarmed Combat
  4377 | D:5      | Reached XP level 8. HP: 63/63 MP: 10/10
  5449 | D:6      | Found a runed translucent door.
  5450 | D:6      | Noticed Crazy Yiuf
  5484 | D:6      | Noticed Blork the orc
  5493 | D:6      | Killed Blork the orc
  5597 | D:6      | Reached skill level 7 in Unarmed Combat
  5626 | D:6      | Learned a level 1 spell: Apportation
  5631 | D:6      | Learned a level 4 spell: Olgreb's Toxic Radiance
  5640 | D:6      | Learned a level 2 spell: Blink
  6111 | D:7      | Reached *** piety under Hepliaklqana
  6113 | D:7      | Noticed Prince Ribbit
  6125 | D:7      | Reached XP level 9. HP: 53/71 MP: 12/12
  6140 | D:7      | Killed Prince Ribbit
  6140 | D:7      | Reached skill level 8 in Unarmed Combat
  6156 | D:7      | Noticed Joseph
  6171 | D:7      | Killed Joseph
  6559 | D:7      | Reached skill level 9 in Unarmed Combat
  6895 | D:8      | Found a flagged portal.
  6971 | Bailey   | Entered a bailey
  7106 | Bailey   | Found an iron altar of Okawaru.
  7106 | Bailey   | Noticed an orc sorcerer
  7106 | Bailey   | Noticed an orc sorcerer
  7112 | Bailey   | Killed an orc sorcerer
  7112 | Bailey   | Reached skill level 5 in Poison Magic
  7113 | Bailey   | Noticed a rust devil
  7118 | Bailey   | Paralysed by an orc sorcerer for 6 turns
  7120 | Bailey   | Noticed an ice devil
  7122 | Bailey   | Mangled by an orc warrior

Levels and vault maps discovered:
D:1:      dpeg_arrival_chambers_temple_mockup, layout_basic
D:2:      layout_basic, xom_redecorated, nemelex_altar_shiori
D:3:      layout_rooms, nicolae_overflow_crystal_walls,
          chequers_ecumenical_altar_simple_redux, grunt_ministairs_14, uniq_ijyb
D:4:      layout_basic, nicolae_ossuary_entry_monument, serial_shops, shop
D:5:      kennysheep_windowed_halls, layout_loops_ring,
          yredelemnul_forgotten_temple_becter, makhleb_blood_cavern_becter,
          minmay_temple_entry_poolview, first_ration
D:6:      layout_rooms, serial_glass, glass_columns_a, glass_columns_b,
          glass_columns_b, glass_columns_a, glass_columns_b, glass_columns_a,
          glass_columns_b, glass_columns_b, hangedman_decor_riveting,
          uniq_blork_the_orc, uniq_crazy_yiuf_cottage
D:7:      layout_gridville, uniq_prince_ribbit1, uniq_joseph
D:8:      layout_gridville, enter_bailey_2, grunt_ministairs_11,
          hangedman_decor_peaks_small, minmay_hedge_maze
Bailey:   bailey_axe_of_yendor_kennysheep, bailey

Skill      XL: |  1  2  3  4  5  6  7  8  9 |
---------------+----------------------------+-----
Conjurations   | 1 |  1.4
Unarmed Combat | 1 2 3 4 6 7 9 |  9.3
Air Magic      | 1 2 |  2.6
Poison Magic   | 3 4 5 |  5.6
Spellcasting   | 2 3 4 |  4.0
Fighting       | 1 2 |  2.7
Dodging        | |  1.5
Stealth        | |  1.0

Action                   |  1- 3 |  4- 6 |  7- 9 || total
-------------------------+-------+-------+-------++-------
Melee: Unarmed           |   111 |   187 |   301 ||   599
       Punch             |       |     4 |     5 ||     9
Throw: Dart              |       |       |     6 ||     6
 Cast: Poisonous Vapours |     2 |     2 |    33 ||    37
       Olgreb's Toxic Ra |       |       |     1 ||     1
Invok: Recall Ancestor   |       |     1 |     1 ||     2
       Ancestor Life: He |       |       |     1 ||     1
  Use: Scroll            |       |    10 |     6 ||    16
       Potion            |       |       |     2 ||     2
 Stab: Sleeping          |     1 |     2 |     4 ||     7
       Distracted        |       |     2 |     2 ||     4
       Confused          |       |       |     4 ||     4
       Invisible         |       |       |     4 ||     4
  Eat: Chunk             |    15 |    17 |    37 ||    69
Armor: Robe              |    49 |    68 |   106 ||   223
Dodge: Dodged            |    65 |    97 |   170 ||   332

Table legend:
 A = Non-vault XP
 B = Vault XP
 C = Vault XP percentage of total XP
 D = Non-vault monster count
 E = Vault monster count
 F = Vault count percentage of total count
                 A         B        C        D         E       F
            +---------+---------+-------+---------+---------+-------
      Total |    3282 |    2098 |  39.0 |     150 |      47 |  23.9
            +---------+---------+-------+---------+---------+-------
        D:1 |      51 |       0 |   0.0 |      28 |       0 |   0.0
        D:2 |      72 |       0 |   0.0 |      24 |       0 |   0.0
        D:3 |      52 |      53 |  50.5 |      20 |       3 |  13.0
        D:4 |     418 |       0 |   0.0 |      16 |       0 |   0.0
        D:5 |     674 |     345 |  33.9 |      26 |      12 |  31.6
        D:6 |     367 |      94 |  20.4 |       8 |       1 |  11.1
        D:7 |    1338 |     735 |  35.5 |      20 |       2 |   9.1
        D:8 |     310 |      35 |  10.1 |       8 |       2 |  20.0
    Ossuary |       0 |     155 | 100.0 |       0 |      16 | 100.0
     Bailey |       0 |     681 | 100.0 |       0 |      11 | 100.0
            +---------+---------+-------+---------+---------+-------
